 Dungeon Crawl Stone Soup version 0.31-a0-40-g1d5085d191 (webtiles) character file.

Game seed: 2239369561835737578

12417 vineage the Fighter (level 11, -3/76 HPs)
             Began as a Gargoyle Fighter on May 17, 2023.
             Was an Elder of Okawaru.
             Slain by a red ugly thing (19 damage)
             ... on level 10 of the Dungeon.
             The game lasted 00:14:15 (10943 turns).

vineage the Fighter (Gargoyle Fighter)             Turns: 10943, Time: 00:14:16

Health: -3/76      AC: 28    Str: 20    XL:     11   Next: 93%
Magic:  4/4        EV:  6    Int:  9    God:    Okawaru [****..]
Gold:   1249       SH:  0    Dex: 13    Spells: 10/10 levels left

rFire   . . .        z - +0 demon trident (antimagic)
rCold   . . .        h - +3 warlock's mirror {omnireflect}
rNeg    + . .        k - +0 plate armour
rPois   ∞            (no helmet)
rElec   +            (no cloak)
rCorr   .            v - +2 pair of gloves
SInv    .            g - +1 pair of boots
Will    .....        (no amulet) Stlth
                     f - +4 ring of slaying
HPRegen 0.32/turn    (no ring)
MPRegen 0.09/turn

%: reflection
@: confused, studying Fighting
A: sickness immunity, AC +8, negative energy resistance 1, electricity
resistance, torment resistance 1, petrification resistance
a: Renounce Religion, Heroism, Finesse


You were on level 10 of the Dungeon.
You worshipped Okawaru.
Okawaru was greatly pleased with you.
You visited 1 branch of the dungeon, and saw 10 of its levels.
You also visited: Ossuary and Bailey.

You collected 1249 gold pieces.

Inventory:

Hand Weapons
 a - a +0 trident of draining
 z - a +0 antimagic demon trident (weapon)
Armour
 b - a +0 scale mail
 c - a +0 buckler
 g - a +1 pair of boots (worn)
 h - the +3 warlock's mirror (worn) {omnireflect}
   (You acquired it on level 2 of the Dungeon)

   Omnireflect: It can block and reflect piercing ranged attacks and magical
   attacks against the wielder's willpower.
 k - a +0 plate armour (worn)
 v - a +2 pair of gloves (worn)
Jewellery
 f - a +4 ring of slaying (left hand)
 s - a ring of ice
 y - a ring of flight
Wands
 d - a wand of mindburst (12)
 B - a wand of flame (24)
 D - a wand of quicksilver (8)
 E - a wand of polymorph (5)
Scrolls
 j - 4 scrolls of vulnerability
 m - 2 scrolls of enchant armour
 o - 5 scrolls of teleportation
 t - a scroll of fog
 A - 2 scrolls of identify
 C - a scroll of amnesia
Potions
 e - a potion of brilliance
 i - 2 potions of lignification
 l - 4 potions of flight
 n - 4 potions of curing
 p - a potion of heal wounds
 q - a potion of attraction
 r - 2 potions of haste
 u - a potion of ambrosia
 w - 2 potions of mutation
 x - a potion of might


   Skills:
 + Level 12.2 Fighting
 * Level 10.9 Polearms
 + Level 9.6 Armour
 + Level 9.6 Shields
 - Level 3.9 Invocations


You had 10 spell levels left.
You didn't know any spells.
Your spell library contained the following spells:

 Spells                   Type           Power      Damage    Failure   Level
 Blink                    Tloc           0%         N/A       100%        2
 Ensorcelled Hibernation  Hex/Ice        0%         N/A       100%        2
 Wereblood                Tmut           0%         N/A       100%        2
 Hailstorm                Conj/Ice       0%         3d3       100%        3
 Ignite Poison            Fire/Tmut/Pois 0%         N/A       100%        3
 Spider Form              Tmut/Pois      0%         N/A       100%        3
 Anguish                  Hex/Necr       0%         N/A       100%        4
 Ice Form                 Ice/Tmut       0%         N/A       100%        4
 Manifold Assault         Tloc           0%         N/A       100%        4
 Freezing Cloud           Conj/Ice/Air   0%         6-21      100%        5
 Dispersal                Tloc           0%         N/A       100%        6
 Storm Form               Tmut/Air       0%         N/A       100%        7
 Disjunction              Tloc           0%         N/A       100%        8
 Cigotuvi's Dreadful Rot  Necr/Pois/Air  Unusable   N/A       N/A         2
 Sublimation of Blood     Necr           Unusable   N/A       N/A         2
 Simulacrum               Ice/Necr       Unusable   N/A       N/A         6
 Summon Hydra             Summ           Unusable   N/A       N/A         7

Dungeon Overview and Level Annotations

Branches:
Dungeon (10/15)            Temple (0/1) D:7            Lair (0/5) D:8
    Orc (0/2) D:9         Ossuary (visited)          Bailey (visited)

Altars:
Ashenzari
Cheibriados
Dithmenos
Gozag
Hepliaklqana
Kikubaaqudgha
Okawaru
Qazlal
Ru
Vehumet
Wu Jian
Xom
The Shining One

Shops:
D:6 [


Innate Abilities, Weirdness & Mutations

You are immune to sickness and miasma.
Your stone body is resilient. (AC +8)
You are immune to poison.
You resist negative energy. (rN+)
You are resistant to electric shocks. (rElec)
You are resistant to unholy torment.
You are immune to petrification.


Message History

The cyan ugly thing claws you. The cyan ugly thing shocks you. You resist.
The green ugly thing kicks you but does no damage.
You closely miss the green ugly thing.
The green ugly thing is almost dead.
You block the cyan ugly thing's attack.
You hit the green ugly thing.
The green ugly thing is almost dead.
You closely miss the green ugly thing.
The green ugly thing is almost dead.
The cyan ugly thing claws you but does no damage.
The green ugly thing basks in the mutagenic energy from its kin and changes!
The glowing orange brain pulsates ominously.
You hit the red ugly thing.
The red ugly thing is almost dead.
The red ugly thing headbutts you but does no damage.
The cyan ugly thing claws you but does no damage.
The glowing orange brain pulsates.
You are confused.
You are too confused!
You are too confused!
You are too confused!
You are too confused!
You are too confused!
Unknown command.
You are too confused!
You bump into the rock wall.
The cyan ugly thing closely misses you. The red ugly thing headbutts you.
You are engulfed in flames!!
You bump into the rock wall.
The red ugly thing punches you but does no damage.
The red ugly thing headbutts you!
* * * LOW HITPOINT WARNING * * *
You are engulfed in flames!
* * * LOW HITPOINT WARNING * * *
The cyan ugly thing claws you but does no damage.
You feel much better.
The red ugly thing punches you but does no damage.
The red ugly thing headbutts you.
* * * LOW HITPOINT WARNING * * *
You are engulfed in flames!!
You die...

#...y.###########.....#
#.....# #.....# ...uu.#
#.....# ...u.## #y....#
'yp##############.....#
...y.#..........uy|...####
..!#.#..........Guy......#
!#...#+#'#######uu#####..#
!§.#.#.........#@u#...#..#
#§#.##.........#..#...#..#
...#.#.........#..#...#..#
#.........#..#...#..##
###.......#..#...#...#
#.#########..+...#...#
#............#'###...#
#....................#
###+#######.....######


You could see 5 ugly things, a glowing orange brain and 3 killer bees.

Vanquished Creatures
  Fannar (D:10)
  An ugly thing (D:10)
  A rime drake (D:8)
  Psyche (D:8)
  A polar bear (D:8)
  A hornet (D:9)
  Sigmund (D:5)
  24 yaks
  Eustachio (D:4)
  2 wraiths (D:9)
  2 fire bats (D:5)
  2 steam dragons
  Menkaure (Ossuary)
  Edmund (D:6)
  2 water moccasins
  An acid dragon (D:10)
  8 orc warriors
  4 ice beasts (D:8)
  An ogre (D:6)
  A centaur (D:9)
  2 wolves (D:8)
  A phantom (D:5)
  9 kobold brigands
  2 bullfrogs (D:7)
  3 scorpions
  21 wights
  12 killer bees
  7 howler monkeys
  4 hounds
  5 orc priests
  2 jellies
  A sleepcap (D:5)
  7 iguanas
  5 orc wizards
  3 mummies (Ossuary)
  9 adders
  4 shadow imps
  A white imp (D:6)
  4 worms
  2 dart slugs
  24 orcs
  4 endoplasms
  2 giant cockroaches
  9 goblins
  9 hobgoblins
  8 jackals
  29 kobolds
  3 quokkas
  2 ball pythons
  5 bats
  A frilled lizard (D:1)
  4 gnoll skeletons (Ossuary)
  6 gnoll zombies (Ossuary)
  4 goblin skeletons (Ossuary)
  6 goblin zombies (Ossuary)
  3 hobgoblin skeletons (Ossuary)
  3 hobgoblin zombies (Ossuary)
  7 kobold skeletons (Ossuary)
  3 kobold zombies (Ossuary)
  4 orc skeletons (Ossuary)
  7 orc zombies (Ossuary)
  5 rats
  3 rat skeletons (Ossuary)
312 creatures vanquished.

Vanquished Creatures (others)
  An unseen horror (D:10)
  A kobold brigand (Bailey)
2 creatures vanquished.

Grand Total: 314 creatures vanquished

Notes
Turn   | Place    | Note
-------+----------+-------------------------------------------
     0 | D:1      | vineage the Gargoyle Fighter began the quest for the Orb.
     0 | D:1      | Reached XP level 1. HP: 14/14 MP: 1/1
    48 | D:1      | Reached XP level 2. HP: 14/19 MP: 2/2
   282 | D:1      | Reached XP level 3. HP: 7/23 MP: 3/3
  1057 | D:2      | Reached XP level 4. HP: 29/29 MP: 4/4
  1597 | D:2      | Identified a scroll of acquirement
  1597 | D:2      | Acquired the +3 warlock's mirror {omnireflect}
  1597 | D:2      | Found the +3 warlock's mirror {omnireflect}
  2223 | D:3      | Reached skill level 4 in Fighting
  2538 | D:4      | Reached XP level 5. HP: 33/33 MP: 5/5
  2709 | D:4      | Noticed a steam dragon
  2718 | D:4      | Killed a steam dragon
  2719 | D:4      | Reached XP level 6. HP: 34/39 MP: 6/6
  2743 | D:4      | Found a glowing golden altar of the Shining One.
  2811 | D:4      | Noticed Eustachio
  2838 | D:4      | Killed Eustachio
  2839 | D:4      | Reached XP level 7. HP: 26/44 MP: 7/7
  3440 | D:5      | Entered Level 5 of the Dungeon
  3446 | D:5      | Reached skill level 5 in Fighting
  3473 | D:5      | Reached skill level 5 in Armour
  3473 | D:5      | Reached skill level 5 in Shields
  3620 | D:5      | Reached skill level 5 in Polearms
  3672 | D:5      | Noticed Sigmund
  3679 | D:5      | Killed Sigmund
  3680 | D:5      | Reached XP level 8. HP: 47/50 MP: 8/8
  3786 | D:5      | Found a transporter.
  3821 | D:5      | Found a sand-covered staircase.
  3844 | Ossuary  | Entered an ossuary
  4161 | Ossuary  | Noticed Menkaure
  4168 | Ossuary  | Killed Menkaure
  4441 | D:5      | Found a transporter.
  4797 | D:5      | Reached skill level 6 in Fighting
  5003 | D:6      | Reached XP level 9. HP: 56/56 MP: 9/9
  5018 | D:6      | Reached skill level 7 in Fighting
  5128 | D:6      | Reached skill level 8 in Fighting
  5236 | D:6      | Found an iron altar of Okawaru.
  5280 | D:6      | Became a worshipper of Warmaster Okawaru
  5582 | D:6      | Found Xefreqia's Armour Boutique.
  5622 | D:6      | Found a radiant altar of Vehumet.
  5746 | D:6      | Noticed Edmund
  5754 | D:6      | Killed Edmund
  5996 | D:7      | Found an opulent altar of Gozag.
  6051 | D:7      | Found a staircase to the Ecumenical Temple.
  6061 | D:7      | Reached XP level 10. HP: 63/65 MP: 10/10
  6071 | D:7      | Reached skill level 9 in Fighting
  6077 | D:7      | Reached * piety under Okawaru
  6402 | D:7      | Found a sacrificial altar of Ru.
  6436 | D:7      | Reached ** piety under Okawaru
  6735 | D:7      | Acquired a +0 antimagic demon trident
  6942 | D:7      | Found a shimmering altar of Xom.
  7129 | D:8      | Noticed Psyche
  7138 | D:8      | Killed Psyche
  7139 | D:8      | Reached skill level 10 in Fighting
  7219 | D:8      | Reached skill level 1 in Invocations
  7253 | D:8      | Reached *** piety under Okawaru
  7271 | D:8      | Reached XP level 11. HP: 48/73 MP: 4/12
  7301 | D:8      | Reached skill level 11 in Fighting
  7640 | D:8      | Found a staircase to the Lair.
  7984 | D:8      | Reached skill level 10 in Polearms
  8013 | D:8      | Found a hazy altar of Hepliaklqana.
  8284 | D:9      | Reached **** piety under Okawaru
  8414 | D:9      | Found an ancient bone altar of Kikubaaqudgha.
  8505 | D:9      | Found a flagged portal.
  8514 | Bailey   | Entered a bailey
  8745 | Bailey   | Found a bloodstained altar of Trog.
  8954 | D:9      | Found a shadowy altar of Dithmenos.
  8956 | D:9      | Found a staircase to the Orcish Mines.
  9247 | D:9      | Found a broken altar of Ashenzari.
  9420 | D:10     | Entered Level 10 of the Dungeon
  9568 | D:10     | Found a snail-covered altar of Cheibriados.
  9801 | D:10     | Found a runed translucent gate.
  9801 | D:10     | Found a runed translucent gate.
  9801 | D:10     | Found a runed translucent gate.
  9801 | D:10     | Noticed a red ugly thing
  9801 | D:10     | Noticed a cyan ugly thing
  9801 | D:10     | Noticed a green ugly thing
  9801 | D:10     | Noticed a white ugly thing
  9802 | D:10     | Noticed a cyan ugly thing
  9802 | D:10     | Noticed a glowing orange brain
  9802 | D:10     | Noticed a red ugly thing
  9902 | D:10     | Noticed Fannar
  9925 | D:10     | Killed Fannar
  9925 | D:10     | Reached ***** piety under Okawaru
  9926 | D:10     | Reached skill level 12 in Fighting
 10139 | D:10     | Found an ornate altar of the Wu Jian Council.
 10140 | D:10     | Found a stormy altar of Qazlal.
 10905 | D:10     | Noticed a fire crab
 10907 | D:10     | a fire crab changed into a salamander
 10907 | D:10     | Noticed a salamander (glowing shapeshifter)
 10911 | D:10     | a salamander changed into a guardian serpent
 10912 | D:10     | Killed a white ugly thing
 10942 | D:10     | HP: 1/76 [red ugly thing (17)]
 10943 | D:10     | Slain by a red ugly thing

Illustrated notes

Levels and vault maps discovered:
D:1:      moated_graveyard_arrival, layout_basic
D:2:      minmay_alternating_diamond, layout_basic,
          chequers_serial_rivers_large_b
D:3:      layout_loops_corners
D:4:      layout_basic, tso_metal_star, uniq_eustachio
D:5:      gammafunk_cloud_chamber, layout_loops_ring,
          nicolae_ossuary_entry_false_entrances, uniq_sigmund
D:6:      layout_basic, mainiacjoe_overflow_alcove_1,
          mainiacjoe_overflow_surrounded_room, serial_shops,
          nicolae_shop_back_alley_shop, minmay_hedge_maze, nicolae_water_bricks,
          minmay_misc_feat_ornament, uniq_edmund
D:7:      layout_loops_ring, nicolae_gozag_seed_capital,
          nicolae_ru_awakened_eye, old_standard_altar,
          minmay_temple_entry_junction_2
D:8:      layout_loops_ring, lemuel_round_altar, hellmonk_lair_entry_icy,
          uniq_psyche
D:9:      layout_long_grid, ashenzari_conservatory_becter,
          kiku_gazebo_garden_becter, nicolae_dithmenos_the_darkroom,
          orc_0_dummy, enter_bailey_2
D:10:     layout_irregular_city, kennysheep_slug_shrine,
          mainiacjoe_overflow_divided_tiny,
          ploomutoo_gammafunk_ghost_potion_laboratory, uniq_fannar

Skill      XL: |  1  2  3  4  5  6  7  8  9 10 11 |
---------------+----------------------------------+-----
Polearms       | 2 3 4 5 6 8 9 10 | 10.9
Shields        | 4 5 6 7 8 9 |  9.6
Fighting       | 4 5 6 8 10 12 | 12.2
Armour         | 4 5 6 7 8 9 |  9.6
Invocations    | 1 3 |  3.9

Action                     |  1- 3 |  4- 6 |  7- 9 | 10-12 || total
---------------------------+-------+-------+-------+-------++-------
  Melee: Trident           |   127 |   104 |   367 |    93 ||   691
         Demon trident     |       |       |       |   492 ||   492
 Invoke: Heroism           |       |       |       |     5 ||     5
    Use: Scroll            |       |     6 |    10 |     7 ||    23
         Potion            |       |     2 |     1 |     2 ||     5
 Armour: Scale mail        |    71 |    46 |    58 |       ||   175
         Plate armour      |       |       |    42 |   275 ||   317
  Dodge: Dodged            |    53 |    29 |    71 |    98 ||   251
  Block: Buckler           |    21 |    34 |    91 |   188 ||   334
         Reflection        |       |     4 |     1 |    17 ||    22

Table legend: (Time is in decaauts)
 A = Elapsed time spent in this place.
 B = Non-inter-level travel time spent in this place.
 C = Inter-level travel time spent in this place.
 D = Time resting spent in this place.
 E = Time spent auto-exploring this place.
 F = Levels seen in this place.
 G = Mean time per level.
                   A        B        C        D        E       F      G
               +--------+--------+--------+--------+--------+-----+--------+
         Total |  10933 |  10481 |    452 |   1086 |   7351 |  12 |  911.1 |
       Dungeon |  10205 |   9753 |    452 |   1072 |   7029 |  10 | 1020.5 |
       Ossuary |    464 |    464 |      0 |      0 |    236 |   1 |  464.0 |
        Bailey |    263 |    263 |      0 |     14 |     85 |   1 |  263.0 |
               +--------+--------+--------+--------+--------+-----+--------+

Top non-repeatable levels by time:
    D:10: 1492 daAuts
     D:7: 1131 daAuts
     D:8: 1108 daAuts
     D:6: 1035 daAuts
     D:5: 1011 daAuts
     D:1: 939 daAuts
     D:4: 936 daAuts
     D:9: 911 daAuts
     D:3: 866 daAuts
     D:2: 772 daAuts
 Ossuary: 464 daAuts
  Bailey: 263 daAuts
